 Dungeon Crawl Stone Soup version 0.31-a0-115-g4708a659fe (webtiles) character file.

Game seed: 15890353245378949116

553 holysushi the Cutter (level 7, 0/48 HPs)
             Began as a Demonspawn Artificer on May 29, 2023.
             Was an Initiate of Ashenzari.
             Splashed by a jelly's acid (5 damage)
             ... on level 5 of the Dungeon.
             The game lasted 00:09:24 (4886 turns).

holysushi the Cutter (Demonspawn Artificer)         Turns: 4886, Time: 00:09:25

Health: 0/48       AC: -6    Str: 13    XL:     7   Next: 8%
Magic:  7/7        EV:  9    Int: 12    God:    Ashenzari [......]
Gold:   255        SH:  8    Dex: 15    Spells: 6/6 levels left

rFire   . . .        o - +0 rapier
rCold   . . .        g - +0 kite shield
rNeg    . . .        b - +0 leather armour
rPois   +            (helmet restricted)
rElec   .            (no cloak)
rCorr   .            (no gloves)
SInv    .            (no boots)
Will    .....        (no amulet)
Stlth   ++           i - +4 ring of protection
HPRegen 0.28/turn    s - ring of poison resistance
MPRegen 0.10/turn

%: no passive effects
@: corroded, sanguine armoured
A: antennae 1, sanguine armour 1, demonic magic 1
a: Renounce Religion


You were on level 5 of the Dungeon.
You worshipped Ashenzari.
Ashenzari was noncommittal.
You visited 2 branches of the dungeon, and saw 6 of its levels.

You collected 255 gold pieces.

Inventory:

Hand Weapons
 j - a +0 short sword
 o - a +0 rapier (weapon)
Armour
 b - a +0 leather armour (worn)
 g - a +0 kite shield (worn)
Jewellery
 i - a +4 ring of protection (left hand)
 m - a ring of fire
 s - a ring of poison resistance (right hand)
 w - a +6 ring of strength
Wands
 c - a wand of flame (38) (quivered)
 d - a wand of charming (10)
 e - a wand of iceblast (2)
 x - a wand of paralysis (6)
 y - a wand of light (7)
Scrolls
 a - a scroll of enchant weapon {unknown}
 k - 2 scrolls of immolation {unknown}
 l - a scroll of teleportation {unknown}
 p - a scroll of acquirement {unknown}
 q - 2 scrolls of noise {unknown}
 t - 6 scrolls of identify {unknown}
 u - 2 scrolls of enchant armour {unknown}
 v - 2 scrolls of blinking {unknown}
 C - a scroll of magic mapping {unknown}
 D - a scroll of fog {unknown}
Potions
 f - 2 potions of might
 h - a potion of lignification {unknown}
 n - a potion of heal wounds {unknown}
 r - 2 potions of attraction {unknown}
 A - a potion of resistance {unknown}
 B - a potion of magic {unknown}
 E - a potion of invisibility {unknown}
Miscellaneous
 z - a piece from Xom's chessboard (15/15)


   Skills:
 - Level 1.2 Fighting
 - Level 4.7 Short Blades
 - Level 1.9 Armour
 - Level 1.7 Dodging
 - Level 3.6 Stealth
 - Level 1.0 Shields
 + Level 3.8 Evocations


You had 6 spell levels left.
You didn't know any spells.
Your spell library contained the following spells:

 Spells                   Type           Power      Damage    Failure   Level
 Summon Small Mammal      Summ           0%         N/A       86%         1
 Blink                    Tloc           0%         N/A       94%         2
 Ensorcelled Hibernation  Hex/Ice        0%         N/A       94%         2
 Call Canine Familiar     Summ           0%         N/A       99%         3
 Portal Projectile        Hex/Tloc       0%         N/A       99%         3
 Spider Form              Tmut/Pois      0%         N/A       99%         3
 Summon Guardian Golem    Hex/Summ       0%         N/A       99%         3
 Anguish                  Hex/Necr       0%         N/A       100%        4
 Leda's Liquefaction      Hex/Erth       0%         N/A       100%        4
 Manifold Assault         Tloc           0%         N/A       100%        4
 Storm Form               Tmut/Air       0%         N/A       100%        7


Dungeon Overview and Level Annotations

Branches:
Dungeon (5/15) Zot: 25135  Temple (1/1) D:5 Zot: 5855

Altars:
Ashenzari
Fedhas
Gozag
Hepliaklqana
Makhleb
Ru
Trog
Vehumet
Wu Jian
Xom
Yredelemnul


Innate Abilities, Weirdness & Mutations

You have a pair of small antennae on your head.
When seriously injured, your blood forms armour. (AC +6)
Spells you cast may paralyse adjacent enemies.


Message History

Aiming: Throw Flame
Press: ? - help, Shift-Dir - straight line, f/p - ogre
Aim: an ogre, wielding a +0 giant spiked club (almost dead, 86% to hit)
The puff of flame hits the ogre.
You kill the ogre!
You have reached level 7!
Things that are here:
a +0 giant spiked club; an ogre corpse
Found an escape hatch in the ceiling.
A jelly comes into view.
A jelly is nearby!
A jelly is nearby!
A jelly is nearby!
The jelly quivers.
The jelly hits you but does no damage.
You hit the jelly.
Your hands burn!
The jelly is moderately wounded.
The jelly misses you.
You hit the jelly.
Your hands burn!
The jelly is heavily wounded.
You block the jelly's attack.
You hit the jelly. The acid corrodes you!
Your hands burn!
The jelly is severely wounded.
The jelly hits you but does no damage.
You hit the jelly. The acid corrodes you!
Your hands burn!
The jelly is severely wounded.
The jelly hits you. The acid corrodes you!
You are splashed with acid!
Your blood congeals into armour.
You hit the jelly. The acid corrodes you!
Your hands burn!
The jelly is almost dead.
The jelly completely misses you. The jelly hits you.
You are splashed with acid!
You hit the jelly but do no damage.
Your hands burn!
The jelly is almost dead.
The jelly hits you.
* * * LOW HITPOINT WARNING * * *
You are splashed with acid!
* * * LOW HITPOINT WARNING * * *
You hit the jelly but do no damage. The acid corrodes you!
Your hands burn!
You die...

.....)..#######
...##...##.<..##
...##...##.....#
...##..........######
...#................#
...#....##.....####.####
...#....##..............
...##...##........#.#...
†..##...##..#...@.......
...##........#...J#.#...
...##...########### # #
........# .........
......... .........
#'####### #..###..###


You could see a jelly.

Vanquished Creatures
  An ogre (D:5)
  2 scorpions
  A jelly (D:4)
  2 orc priests (D:4)
  A hound (D:3)
  A sleepcap (D:5)
  2 orc wizards (D:4)
  A gnoll (D:2)
  4 adders
  2 worms
  A dart slug (D:3)
  10 orcs
  10 endoplasms
  2 giant cockroaches
  7 goblins
  8 hobgoblins
  2 jackals (D:4)
  10 kobolds
  3 quokkas
  2 ball pythons
  6 bats
  3 frilled lizards
  3 rats
84 creatures vanquished.

Vanquished Creatures (collateral kills)
  A gnoll (D:2)
1 creature vanquished.

Vanquished Creatures (others)
  Ijyb (D:4)
  A gnoll (D:2)
  A kobold (D:2)
3 creatures vanquished.

Grand Total: 88 creatures vanquished

Notes
Turn   | Place    | Note
-------+----------+-------------------------------------------
     0 | D:1      | holysushi the Demonspawn Artificer began the quest for the
                  | Orb.
     0 | D:1      | Reached XP level 1. HP: 15/15 MP: 1/1
   201 | D:1      | Reached skill level 1 in Dodging
   201 | D:1      | Reached skill level 1 in Stealth
   368 | D:1      | Gained mutation: When seriously injured, your blood forms
                  | armour. (AC +6) [demonic ancestry]
   368 | D:1      | Reached XP level 2. HP: 20/21 MP: 2/2
  1379 | D:2      | Reached skill level 1 in Short Blades
  1519 | D:2      | Found a faded altar of an unknown god.
  1523 | D:2      | Reached XP level 3. HP: 26/26 MP: 3/3
  1833 | D:2      | Reached skill level 2 in Short Blades
  2223 | D:3      | Gained mutation: Spells you cast may paralyse adjacent
                  | enemies. [demonic ancestry]
  2223 | D:3      | Reached XP level 4. HP: 19/32 MP: 4/4
  2335 | D:3      | Reached skill level 3 in Short Blades
  2648 | D:3      | Found a shimmering altar of Xom.
  3044 | D:3      | Found a bloodstained altar of Trog.
  3238 | D:4      | Noticed Ijyb
  3262 | D:4      | Your ally Ijyb died
  3263 | D:4      | Reached XP level 5. HP: 20/37 MP: 5/5
  3414 | D:4      | Reached skill level 1 in Shields
  3825 | D:4      | Reached skill level 4 in Short Blades
  3841 | D:4      | Gained mutation: You have a pair of small antennae on your
                  | head. [demonic ancestry]
  3841 | D:4      | Reached XP level 6. HP: 22/43 MP: 6/6
  4502 | D:5      | Entered Level 5 of the Dungeon
  4502 | D:5      | Found a staircase to the Ecumenical Temple.
  4528 | Temple   | Entered the Ecumenical Temple
  4657 | Temple   | Became a worshipper of Ashenzari the Shackled
  4866 | D:5      | Reached XP level 7. HP: 48/48 MP: 7/7
  4886 | D:5      | Splashed by a jelly's acid

Illustrated notes

Levels and vault maps discovered:
D:1:      minmay_arrival_five_plusses, layout_basic, minmay_strange_pillars,
          minmay_pentomino_z4
D:2:      layout_basic, chequers_ecumenical_altar_island
D:3:      layout_basic, marbit_many_paths, xom_butterflies, serial_bayou,
          serial_bayou_pond_a, serial_bayou_pond_d, serial_bayou_crossing,
          serial_bayou_shore_a
D:4:      layout_loops_ring, uniq_ijyb
D:5:      wad_river_or_something, layout_gridville,
          minmay_temple_entry_offerings
Temple:   hellmonk_temple_of_storms

Skill      XL: |  1  2  3  4  5  6 |
---------------+-------------------+-----
Dodging        | 1 |  1.7
Stealth        | 1 2 3 |  3.6
Short Blades   | 1 2 3 4 |  4.7
Shields        | 1 |  1.0
Fighting       | |  1.2
Armour         | |  1.9
Evocations     | |  3.8

Action                     |  1- 3 |  4- 6 |  7- 9 || total
---------------------------+-------+-------+-------++-------
  Melee: Unarmed           |    25 |       |       ||    25
         Spear             |    32 |       |       ||    32
         Punch             |     1 |       |       ||     1
         Short sword       |    65 |       |       ||    65
         Rapier            |    48 |   189 |     7 ||   244
  Evoke: Wand              |    11 |    17 |       ||    28
    Use: Potion            |       |     1 |       ||     1
   Stab: Sleeping          |     2 |     4 |       ||     6
         Paralysed         |       |     1 |       ||     1
 Armour: Leather armour    |    66 |    68 |     2 ||   136
  Dodge: Dodged            |   109 |    56 |     2 ||   167
  Block: Kite shield       |    67 |    74 |     1 ||   142

Table legend: (Time is in decaauts)
 A = Elapsed time spent in this place.
 B = Non-inter-level travel time spent in this place.
 C = Inter-level travel time spent in this place.
 D = Time resting spent in this place.
 E = Time spent auto-exploring this place.
 F = Levels seen in this place.
 G = Mean time per level.
                   A        B        C        D        E       F      G
               +--------+--------+--------+--------+--------+-----+--------+
         Total |   5009 |   4840 |    169 |    394 |   3253 |   6 |  834.8 |
       Dungeon |   4864 |   4728 |    136 |    323 |   3253 |   5 |  972.8 |
        Temple |    144 |    111 |     33 |     71 |      0 |   1 |  144.0 |
               +--------+--------+--------+--------+--------+-----+--------+

Top non-repeatable levels by time:
     D:1: 1341 daAuts
     D:4: 1300 daAuts
     D:3: 1088 daAuts
     D:2: 885 daAuts
     D:5: 248 daAuts
  Temple: 144 daAuts
